 Dungeon Crawl Stone Soup version 0.25-a0-860-gf695395b5c (webtiles) character file.

Game seed: 10906177481363299009, levelgen mode: deterministic

1 Maedhros the Charlatan (level 1, 0/13 HPs)
             Began as an Octopode Artificer on Apr 26, 2020.
             Slain by a quokka (4 damage)
             ... on level 2 of the Dungeon.
             The game lasted 00:00:13 (28 turns).

Maedhros the Charlatan (Octopode Artificer)           Turns: 28, Time: 00:00:14

Health: 0/13       AC:  1    Str: 11    XL:     1   Next: 20%
Magic:  3/3        EV: 13    Int: 13    God:
Gold:   0          SH:  0    Dex: 12    Spells: 0/0 levels left

rFire    . . .     SeeInvis .   a - +0 short sword
rCold    . . .     Gourm    .   (no shield)
rNeg     . . .     Faith    .   (helmet restricted)
rPois    .         Spirit   .   (no amulet)
rElec    .         Reflect  .   (no ring)
rCorr    .         Harm     .   (no ring)
MR       .....                  (no ring)
Stlth    +++.......             (no ring)
HPRegen  0.04/turn              (no ring)
MPRegen  0.08/turn              (no ring)
                                (no ring)
                                (no ring)

@: no status effects
A: almost no armour, stealthy swim, amphibious, 8 rings, constrict 8, camouflage
1, gelatinous body 1
a: no special abilities


You were on level 2 of the Dungeon.
You were not hungry.

You visited 1 branch of the dungeon, and saw 2 of its levels.

Inventory:

Hand Weapons
 a - a +0 short sword (weapon)
Wands
 b - a wand of flame (15)
 c - a wand of enslavement (15)
 d - a wand of random effects (15)
Comestibles
 f - 2 rations


   Skills:
 - Level 1.0 Fighting
 - Level 1.0 Short Blades
 - Level 2.0 Dodging
 + Level 1.5 Stealth
 + Level 3.3 Evocations


You couldn't memorise any spells.
You didn't know any spells.
Your spell library was empty.

Dungeon Overview and Level Annotations

Branches:
Dungeon (2/15)

Altars:


Innate Abilities, Weirdness & Mutations

You cannot wear most types of armour.
You are very stealthy in the water. (Stealth+)
You are amphibious.
You can wear up to eight rings at the same time.
You can use your tentacles to constrict eight enemies at once.
Your skin changes colour to match your surroundings (Stealth+).
Your rubbery body absorbs attacks. (AC +1, EV +1)


Message History

You hit the kobold.
You kill the kobold!
The kobold throws a stone.
The stone hits you.
The kobold throws a stone.
The stone closely misses you. The rat barely misses you.
You closely miss the rat. You grab the rat. You constrict the rat.
The quokka barely misses you. The rat bites you.
You barely miss the rat.
The rat is moderately wounded.
You constrict the rat. The quokka bites you. The rat closely misses you.
You are too injured to fight recklessly!
You are too injured to fight recklessly!
You hit the quokka but do no damage. Your grab misses the quokka.
You constrict the rat.
You kill the rat!
The quokka bites you.
You hit the quokka. Your grab misses the quokka.
The quokka is almost dead.
The quokka bites you.
You die...

.. ......#.###
#.###..........#
#.(....#.#.#.#.. .# #
............... ...#.
#.#...#.#.#.#..
.#....##.#............
.......<.....#.#.#.#..
.#...........(†r......
...#.........#@#.#.#.#
................K.....
...##.#...............
.. ......#.###.......#
# ?##....... .#.####.#
. #.#.##.### .# . #.#(
#.# .# .#


You could see a quokka and a kobold.

Vanquished Creatures
  A kobold (D:2)
  A rat (D:2)
2 creatures vanquished.

Notes
Turn   | Place    | Note
-------+----------+-------------------------------------------
     0 | D:1      | Maedhros the Octopode Artificer began the quest for the
                  | Orb.
     0 | D:1      | Reached XP level 1. HP: 13/13 MP: 3/3
    28 | D:2      | Slain by a quokka

Levels and vault maps discovered:
D:1:      minmay_arrival_pointy, layout_basic, roderic_nine_men_s_morris
D:2:      layout_basic, serial_glass, glass_columns_c, glass_columns_b,
          glass_columns_a, glass_columns_a, glass_columns_c, glass_columns_b,
          glass_columns_a, glass_columns_a, glass_columns_b, glass_columns_b,
          glass_columns_b, glass_columns_a, glass_columns_a, glass_columns_b

Action                   || total
-------------------------++-------
Melee: Short sword       ||     5
       Constrict         ||     1
Dodge: Dodged            ||     4

Table legend:
 A = Non-vault XP
 B = Vault XP
 C = Vault XP percentage of total XP
 D = Non-vault monster count
 E = Vault monster count
 F = Vault count percentage of total count
                 A         B        C        D         E       F
            +---------+---------+-------+---------+---------+-------
      Total |       2 |       0 |   0.0 |       2 |       0 |   0.0
            +---------+---------+-------+---------+---------+-------
        D:2 |       2 |       0 |   0.0 |       2 |       0 |   0.0
            +---------+---------+-------+---------+---------+-------
